 Dungeon Crawl Stone Soup version 0.28-a0-1382-g92835e5c71 (webtiles) character file.

Game seed: 10508336498804128599

543 Devinter the Magician (level 6, 0/51 HPs)
             Began as a Demigod Hedge Wizard on Jan 1, 2022.
             Slain by a troll (12 damage)
             ... on level 6 of the Dungeon.
             The game lasted 00:34:25 (4918 turns).

Devinter the Magician (Demigod Hedge Wizard)        Turns: 4918, Time: 00:34:26

Health: 0/51       AC:  6    Str: 11    XL:     6   Next: 77%
Magic:  1/15       EV: 12    Int: 20    God:
Gold:   342        SH:  5    Dex: 17    Spells: 5/13 levels left

rFire   . . .      SeeInvis .   v - +0 quarterstaff
rCold   . . .      Faith    .   (shield currently unavailable)
rNeg    . . .      Spirit   .   b - +0 robe
rPois   .          Reflect  +   c - +0 hat
rElec   .          Harm     .   (no cloak)
rCorr   .          Rampage  .   (no gloves)
Will    .....                   (no boots)
Stlth   ++........              r - amulet of reflection
HPRegen 0.17/turn               l - +4 ring of protection
MPRegen 0.14/turn               C - +4 ring of slaying

@: no status effects
A: high mp 1, forlorn, divine attributes
a: no special abilities


You were on level 6 of the Dungeon.
You visited 1 branch of the dungeon, and saw 6 of its levels.

You collected 342 gold pieces.

Inventory:

Hand Weapons
 a - a +0 dagger
 g - a +0 whip
 t - a +0 spear
 v - a +0 quarterstaff (weapon)
Missiles
 h - 137 stones
 q - 3 javelins (quivered)
 s - 23 bolts
 z - 15 poisoned darts
 F - 27 sling bullets
Armour
 b - a +0 robe (worn)
 c - a +0 hat (worn)
Jewellery
 l - a +4 ring of protection (left hand)
 m - a +4 ring of evasion
 r - an amulet of reflection (around neck)
 A - a ring of positive energy
 C - a +4 ring of slaying (right hand)
Scrolls
 d - 2 scrolls of teleportation {unknown}
 f - a scroll of fear {unknown}
 j - a scroll of vulnerability {unknown}
 k - 4 scrolls of identify {unknown}
 u - a scroll of summoning {unknown}
 w - a scroll of acquirement {unknown}
 y - a scroll of blinking {unknown}
 D - a scroll of noise {unknown}
 E - a scroll of enchant weapon {unknown}
Potions
 e - a potion of brilliance {unknown}
 i - a potion of heal wounds {unknown}
 n - 2 potions of flight {unknown}
 o - 2 potions of haste {unknown}
 p - a potion of lignification {unknown}
 x - a potion of degeneration {unknown}
 B - a potion of cancellation {unknown}


   Skills:
 - Level 3.0 Fighting
 - Level 2.0 Dodging
 - Level 2.0 Stealth
 + Level 4.2 Spellcasting
 - Level 2.0 Conjurations
 - Level 2.0 Summonings
 - Level 2.0 Translocations
 - Level 2.0 Air Magic
 - Level 2.0 Poison Magic


You had 5 spell levels left.
You knew the following spells:

 Your Spells              Type           Power      Damage    Failure   Level
a - Magic Dart            Conj           48%        1d5       5%          1
b - Blink                 Tloc           24%        N/A       9%          2
c - Call Imp              Summ           12%        N/A       9%          2
d - Mephitic Cloud        Conj/Pois/Air  12%        N/A       17%         3

Your spell library contained the following spells:

 Spells                   Type           Power      Damage    Failure   Level
 Slow                     Hex            16%        N/A       13%         1
 Conjure Flame            Conj/Fire      8%         6-21      26%         3


Dungeon Overview and Level Annotations

Branches:
Dungeon (5/15)
 Temple: D:4-7

Shops:
D:3 (


Innate Abilities, Weirdness & Mutations

You have an increased reservoir of magic. (+10% MP)
You shall have no god before yourself.
Your divine heritage dramatically boosts your attributes as you level up.


Message History

The troll is severely wounded.
* * * LOW MAGIC WARNING * * *
The troll is engulfed in noxious fumes.
Casting: Magic Dart (safe; 5% risk of failure)
Confirm with . or Enter, or press ? or * to list all spells.
Aiming: Magic Dart (safe; 5% risk of failure)
Press: ? - help, Shift-Dir - straight line, f/p - troll
Aim: a troll (noxious fumes, severely wounded, confused, 100% to hit)
The magic dart hits the troll.
The troll is severely wounded.
* * * LOW MAGIC WARNING * * *
The troll is engulfed in noxious fumes.
Casting: Magic Dart (safe; 5% risk of failure)
Confirm with . or Enter, or press ? or * to list all spells.
Aiming: Magic Dart (safe; 5% risk of failure)
Press: ? - help, Shift-Dir - straight line, f/p - troll
Aim: a troll (severely wounded, confused, 100% to hit)
The magic dart hits the troll but does no damage.
The troll is severely wounded.
* * * LOW MAGIC WARNING * * *
Your magical contamination has completely faded away.
Casting: Magic Dart (safe; 5% risk of failure)
Confirm with . or Enter, or press ? or * to list all spells.
You don't have enough magic to cast this spell.
Unknown command.
An ogre comes into view. It is wielding a +0 giant club.
The troll closely misses you. The troll claws you! The troll misses you.
You hit the troll.
The troll is severely wounded.
The troll barely misses you. You block the troll's attack. The troll claws you!
* * * LOW HITPOINT WARNING * * *
You hit the troll.
The troll is almost dead.
You block the troll's attack. The troll claws you.
* * * LOW HITPOINT WARNING * * *
You block the troll's attack.
You hit the troll.
The troll is almost dead.
The troll bites you!
You die...

#......# #......##.. ##$
#......##.# .....
#......##.###...?.
#.................
#..................
##.####............
#.####............
#.##.@.O.........#
####[##.#T##.###....#
#.......#....##...#
#.#..####.........#
.....##.......#.......
..........#.............
........###
#.##.......... ######.#
... ..#........ #.
................


You could see a troll (confused) and an ogre.

Vanquished Creatures
  A scorpion (D:4)
  3 jellies (D:4)
  3 orc priests (D:4)
  An iguana (D:4)
  3 orc wizards
  A gnoll (D:3)
  3 adders
  A white imp (D:5)
  An adder skeleton (D:4)
  3 worms
  2 dart slugs
  7 orcs
  9 endoplasms
  4 giant cockroaches
  7 goblins
  5 hobgoblins
  6 kobolds
  3 quokkas
  5 ball pythons
  4 bats
  5 frilled lizards
  3 rats
80 creatures vanquished.

Vanquished Creatures (collateral kills)
  A hound (D:4)
  2 adders (D:2)
  2 gnolls (D:3)
5 creatures vanquished.

Grand Total: 85 creatures vanquished

Notes
Turn   | Place    | Note
-------+----------+-------------------------------------------
     0 | D:1      | Devinter the Demigod Hedge Wizard began the quest for the
                  | Orb.
     0 | D:1      | Reached XP level 1. HP: 14/14 MP: 6/6
    45 | D:1      | Reached skill level 1 in Translocations
    61 | D:1      | Reached skill level 1 in Conjurations
    61 | D:1      | Reached skill level 1 in Summonings
   439 | D:1      | Reached XP level 2. HP: 17/20 MP: 0/8
   442 | D:1      | Learned a level 2 spell: Blink
   445 | D:1      | Learned a level 2 spell: Call Imp
   802 | D:1      | Reached skill level 2 in Dodging
   802 | D:1      | Reached skill level 2 in Stealth
  1206 | D:2      | Reached skill level 3 in Spellcasting
  1206 | D:2      | Reached XP level 3. HP: 26/26 MP: 2/10
  2182 | D:3      | Learned a level 3 spell: Mephitic Cloud
  2327 | D:3      | Reached XP level 4. HP: 33/33 MP: 4/11
  2339 | D:3      | Reached skill level 2 in Summonings
  2339 | D:3      | Reached skill level 2 in Translocations
  2446 | D:3      | Reached skill level 2 in Conjurations
  2456 | D:3      | Reached skill level 1 in Poison Magic
  2577 | D:3      | Reached skill level 2 in Poison Magic
  2958 | D:3      | Found Nidaxam's Weapon Boutique.
  3274 | D:3      | Reached skill level 1 in Air Magic
  3540 | D:4      | Reached XP level 5. HP: 31/38 MP: 5/12
  3774 | D:4      | Reached skill level 2 in Air Magic
  3774 | D:4      | Reached skill level 1 in Fighting
  3896 | D:4      | Reached skill level 2 in Fighting
  4174 | D:4      | Reached XP level 6. HP: 50/50 MP: 8/13
  4244 | D:4      | Reached skill level 3 in Fighting
  4564 | D:4      | Reached skill level 4 in Spellcasting
  4709 | D:5      | Entered Level 5 of the Dungeon
  4848 | D:5      | You fall into a shaft and drop 1 floor!
  4887 | D:6      | Noticed a troll
  4918 | D:6      | Slain by a troll

Illustrated notes

Levels and vault maps discovered:
D:1:      dpeg_arrival_solitude, layout_basic,
          hellmonk_ecumenical_altar_arch_garden, chequers_garden, st_stairs_11
D:2:      layout_loops_corners, minmay_misc_feat_five, minmay_tree_intersection
D:3:      layout_basic, mainiacjoe_overflow_alcove_4,
          worldfamousw_hep_ancestral_shrine, serial_shops,
          nicolae_shop_waterfront, grunt_ministairs_11
D:4:      layout_loops_ring, mainiacjoe_overflow_24_doors,
          nicolae_overflow_crystal_walls, minmay_cupped
D:5:      layout_rooms, nemelex_diamond_rough_becter
D:6:      layout_rooms, nicolae_gozag_cash_rules_everything_around_me,
          kennysheep_mini, minmay_temple_entry_glass

Skill      XL: |  1  2  3  4  5  6 |
---------------+-------------------+-----
Translocations | 1 2 |  2.0
Conjurations   | 1 2 |  2.0
Summonings     | 1 2 |  2.0
Dodging        | 2 |  2.0
Stealth        | 2 |  2.0
Spellcasting   | 3 4 |  4.2
Poison Magic   | 2 |  2.0
Air Magic      | 1 2 |  2.0
Fighting       | 2 3 |  3.0

Action                   |  1- 3 |  4- 6 || total
-------------------------+-------+-------++-------
Melee: Dagger            |    27 |    14 ||    41
       Spear             |       |    22 ||    22
       Quarterstaff      |       |    99 ||    99
Throw: Javelin           |       |     3 ||     3
 Cast: Magic Dart        |    89 |   102 ||   191
       Call Imp          |     4 |     5 ||     9
       Mephitic Cloud    |       |    10 ||    10
       Blink             |       |     2 ||     2
 Stab: Confused          |       |     6 ||     6
Armor: Robe              |    12 |    22 ||    34
Dodge: Dodged            |    30 |    92 ||   122
Block: Other             |     3 |    25 ||    28
       Reflection        |     1 |     1 ||     2

Table legend: (Time is in decaauts)
 A = Elapsed time spent in this place.
 B = Non-inter-level travel time spent in this place.
 C = Inter-level travel time spent in this place.
 D = Time resting spent in this place.
 E = Time spent auto-exploring this place.
 F = Levels seen in this place.
 G = Mean time per level.
                   A        B        C        D        E       F      G
               +--------+--------+--------+--------+--------+-----+--------+
         Total |   4949 |   4836 |    113 |   1194 |    669 |   6 |  824.8 |
       Dungeon |   4949 |   4836 |    113 |   1194 |    669 |   6 |  824.8 |
               +--------+--------+--------+--------+--------+-----+--------+

Top non-repeatable levels by time:
     D:3: 1430 daAuts
     D:2: 1234 daAuts
     D:4: 1190 daAuts
     D:1: 941 daAuts
     D:5: 83 daAuts
     D:6: 70 daAuts
